 Dungeon Crawl Stone Soup version 0.27-a0-972-gd1521fd518 (webtiles) character file.

Game seed: 3693834648214679040

100 Alarkh the Insei (level 4, 0/33 HPs)
             Began as a Demonspawn Transmuter on Apr 13, 2021.
             Slain by Duvessa
             ... wielding a +0 short sword
              (10 damage)
             ... on level 4 of the Dungeon.
             The game lasted 00:03:25 (3741 turns).

Alarkh the Insei (Demonspawn Transmuter)            Turns: 3741, Time: 00:03:25

Health: 0/33       AC:  2    Str: 17    XL:     4   Next: 46%
Magic:  4/7        EV: 19    Int: 15    God:
Gold:   118        SH:  0    Dex: 18    Spells: 2/8 levels left

rFire    . . .     SeeInvis .     - Unarmed
rCold    . . .     Faith    .   (shield currently unavailable)
rNeg     . . .     Spirit   .   (armour currently unavailable)
rPois    x         Reflect  .   (helmet currently unavailable)
rElec    .         Harm     .   (cloak currently unavailable)
rCorr    .         Rampage  .   (gloves currently unavailable)
Will     .....                  (boots currently unavailable)
Stlth    ++........             (no amulet)
HPRegen  0.11/turn              f - +6 ring of strength
MPRegen  0.10/turn              (no ring)

@: spider-form (expiring)
A: venomous fangs, tiny, (spiny 1)
a: End Transformation


You were on level 4 of the Dungeon.
You were a venomous arachnid creature.
You visited 1 branch of the dungeon, and saw 4 of its levels.

You collected 118 gold pieces.

Inventory:

Armour
 a - a +0 robe (melded)
 d - a +0 buckler (melded)
 l - a +0 cloak (melded)
Jewellery
 e - a ring of ice
 f - a +6 ring of strength (left front leg)
 i - a ring of ice
Wands
 h - a wand of polymorph (8)
 k - a wand of digging (3)
Scrolls
 b - a scroll of torment {unknown}
 g - 2 scrolls of teleportation
 j - a scroll of vulnerability {unknown}
 m - a scroll of holy word {unknown}
 n - a scroll of fear {unknown}
 o - a scroll of amnesia {unknown}
 r - 2 scrolls of identify
Potions
 c - a potion of curing


   Skills:
 + Level 1.7 Fighting
 - Level 1.7 Dodging
 + Level 1.1 Shields
 * Level 3.6 Unarmed Combat
 + Level 2.5 Spellcasting
 + Level 2.4 Transmutations


You had 2 spell levels left.
You knew the following spells:

 Your Spells              Type           Power      Damage    Failure   Level
a - Beastly Appendage     Tmut           18%        N/A       21%         1
b - Wereblood             Tmut           9%         N/A       28%         2
c - Spider Form           Tmut/Pois      2%         N/A       58%         3

Your spell library contained the following spells:

 Spells                   Type           Power      Damage    Failure   Level
 Ice Form                 Ice/Tmut       5%         N/A       90%         4
 Hydra Form               Tmut           4%         N/A       98%         5


Dungeon Overview and Level Annotations

Branches:
Dungeon (4/15)
 Temple: D:4-7

Altars:

Annotations:
D:3 3 runed translucent doors, wakim's ghost, amateur DrAr
D:4 Dowan; Duvessa


Innate Abilities, Weirdness & Mutations

You are a venomous arachnid creature.
You have poisonous fangs.
You are tiny and dextrous.
Your spellcasting is less reliable in this form.
Your armour is entirely melded.
You are incapable of wielding weapons or throwing items.
((You are partially covered in sharp spines.))


Message History

* * * LOW HITPOINT WARNING * * *
Duvessa barely misses you.
You climb upwards.
Level annotation: 3 runed translucent doors, wakim's ghost, amateur DrAr
There is a stone staircase leading down here.
You start resting.
Your transformation has ended.
Your +0 cloak unmelds from your body.
Your +0 buckler unmelds from your body.
Your +0 robe unmelds from your body.
You start resting.
Magic restored.
You start resting.
HP restored.
You start resting.
HP restored.
Casting: Spider Form (extremely dangerous; 47% risk of failure)
Confirm with . or Enter, or press ? or * to list all spells.
The spell is extremely dangerous to cast (47% risk of failure)!
Continue anyway?
You turn into a venomous arachnid creature.
Your +0 cloak melds into your body.
Your +0 buckler melds into your body.
Your +0 robe melds into your body.
You climb downwards.
Level annotation: Dowan; Duvessa Duvessa misses you.
Dowan misses you.
There is a stone staircase leading up here.
You hit Duvessa.
Duvessa is poisoned.
Duvessa is lightly wounded.
Duvessa says, "Where magic fails, the sword succeeds!"
Duvessa hits you with a +0 short sword! Dowan hits you with a +0 dagger.
You hit Duvessa.
Duvessa looks as sick as possible!
Duvessa is lightly wounded.
Your transformation is almost over.
Duvessa barely misses you. Dowan misses you.
You hit Duvessa.
Duvessa is moderately wounded.
Duvessa misses you.
Dowan points at you and mumbles some strange words.
The puff of flame hits you!
You barely miss Dowan. Duvessa hits you with a +0 short sword!
You die...

#...# #.# #.#.#.# #.....
#.#.# #.# #.#.#.# #.####
#.#.##.#.######.#.#.###.####
#.#.#.# #...................
#.)..## ##....>.............
###.#.###....###...#####..†.
#.##.#.##.....g.e.....#.#.
#.###.###e###########.....
#.# ### #s# #.#.#. #.# #e#
#..... #.# #.# #.#.#. #..
..# #..... ### ###.#! #


You could see Duvessa (extremely poisoned) and Dowan.

Vanquished Creatures
  An iguana (D:2)
  A worm (D:2)
  2 dart slugs
  6 endoplasms
  5 goblins
  5 hobgoblins
  7 jackals
  10 kobolds
  3 quokkas
  4 ball pythons
  6 bats
  7 frilled lizards
  6 rats
63 creatures vanquished.

Notes
Turn   | Place    | Note
-------+----------+-------------------------------------------
     0 | D:1      | Alarkh the Demonspawn Transmuter began the quest for the
                  | Orb.
     0 | D:1      | Reached XP level 1. HP: 15/15 MP: 3/3
   606 | D:1      | Gained mutation: You are partially covered in sharp spines.
                  | [demonic ancestry]
   606 | D:1      | Reached XP level 2. HP: 17/21 MP: 3/5
   679 | D:1      | Reached skill level 3 in Unarmed Combat
   957 | D:1      | Reached XP level 3. HP: 11/26 MP: 4/6
  2082 | D:2      | Reached skill level 1 in Shields
  2082 | D:2      | Reached XP level 4. HP: 29/33 MP: 5/7
  2085 | D:2      | Learned a level 2 spell: Wereblood
  2089 | D:2      | Learned a level 3 spell: Spider Form
  2871 | D:3      | Found a runed translucent gate.
  2871 | D:3      | Found a runed translucent gate.
  2873 | D:3      | Found a runed translucent gate.
  3099 | D:3      | Noticed wakim's ghost (amateur DrAr)
  3277 | D:4      | Noticed Dowan
  3279 | D:4      | Noticed Duvessa
  3741 | D:4      | Slain by Duvessa

Illustrated notes

Levels and vault maps discovered:
D:1:      arrival_zaba_pyramid, layout_basic
D:2:      layout_loops_cross
D:3:      layout_basic, gammafunk_ghost_necromancy
D:4:      layout_loops_ring, st_stairs_8, uniq_edmund, uniq_grinder,
          uniq_duvessa

Skill      XL: |  1  2  3 |
---------------+----------+-----
Unarmed Combat | 3 |  3.6
Transmutations | 2 |  2.4
Shields        | 1 |  1.1
Fighting       | |  1.7
Dodging        | |  1.7
Spellcasting   | |  2.5

Action                   |  1- 3 |  4- 6 || total
-------------------------+-------+-------++-------
Melee: Unarmed           |   132 |    26 ||   158
       Headbutt          |    12 |     1 ||    13
       Kick              |    18 |     2 ||    20
 Cast: Beastly Appendage |    25 |     9 ||    34
       Spider Form       |       |     2 ||     2
  Use: Potion            |     4 |       ||     4
       Scroll            |     2 |       ||     2
 Stab: Sleeping          |     1 |       ||     1
Armor: Robe              |    10 |     2 ||    12
Dodge: Dodged            |    73 |    16 ||    89
Block: Buckler           |    19 |     3 ||    22

Table legend: (Time is in decaauts)
 A = Elapsed time spent in this place.
 B = Non-inter-level travel time spent in this place.
 C = Inter-level travel time spent in this place.
 D = Time resting spent in this place.
 E = Time spent auto-exploring this place.
 F = Levels seen in this place.
 G = Mean time per level.
                   A        B        C        D        E       F      G
               +--------+--------+--------+--------+--------+-----+--------+
         Total |   3742 |   3617 |    125 |    412 |   2768 |   4 |  935.5 |
       Dungeon |   3742 |   3617 |    125 |    412 |   2768 |   4 |  935.5 |
               +--------+--------+--------+--------+--------+-----+--------+

Top non-repeatable levels by time:
     D:1: 1346 daAuts
     D:3: 1262 daAuts
     D:2: 990 daAuts
     D:4: 142 daAuts
